 Dungeon Crawl Stone Soup version 0.22.1-1-ga44c0e56f4 (webtiles) character file.

29 OdinFK the Stinger (level 3, -1/24 HPs)
             Began as a Formicid Venom Mage on Oct 3, 2018.
             Killed by nerve-wracking pain
             ... invoked by Jessica
              (6 damage)
             ... on level 2 of the Dungeon.
             The game lasted 00:04:18 (916 turns).

OdinFK the Stinger (Formicid Venom Mage)             Turns: 916, Time: 00:04:19

Health: -1/24      AC:  3    Str: 12    XL:     3   Next: 32%
Magic:  0/7        EV: 12    Int: 15    God:
Gold:   83         SH:  0    Dex: 11    Spells: 4/7 levels left

rFire    . . .     SeeInvis +   f - -1 club (curse)
rCold    . . .     Gourm    .   (no shield)
rNeg     . . .     Faith    .   a - +0 robe
rPois    .         Spirit   .   (helmet unavailable)
rElec    .         Reflect  .   d - +0 cloak
rCorr    .         Harm     .   (no gloves)
MR       .....                  (no boots)
Stlth    ++........             (no amulet)
HPRegen  0.08/turn              (no ring)
MPRegen  0.10/turn              (no ring)

@: very slightly contaminated
A: permanent stasis, dig shafts and tunnels, four strong arms, antennae 3
a: Dig, Shaft Self


You were on level 2 of the Dungeon.
You were not hungry.

You visited 1 branch of the dungeon, and saw 2 of its levels.

You collected 83 gold pieces.

Inventory:

Hand Weapons
 f - a cursed -1 club (weapon)
Armour
 a - a +0 robe (worn)
 d - a +0 cloak (worn)
Wands
 m - a wand of enslavement (6)
Scrolls
 b - a scroll of remove curse {unknown}
 h - a scroll of magic mapping {unknown}
Potions
 e - 2 potions of curing {unknown}
 g - a potion of magic {unknown}
 i - 2 potions of resistance {unknown}
 j - 2 potions of heal wounds {unknown}
 l - a potion of flight {unknown}
Comestibles
 c - 3 rations
 k - a chunk of flesh


   Skills:
 + Level 0.2 Fighting
 + Level 1.8 Dodging
 + Level 2.6 Stealth
 + Level 0.3 Unarmed Combat
 + Level 2.8 Spellcasting
 + Level 0.8 Conjurations
 + Level 4.7 Poison Magic


You had 4 spell levels left.
You knew the following spells:

 Your Spells              Type           Power        Failure   Level  Hunger
a - Sting                 Conj/Pois      ##..         6%          1    #......
b - Poisonous Vapours     Pois/Air       #.....       12%         2    ##.....

Your spell library contained the following spells:

 Spells                   Type           Power        Failure   Level  Hunger
 Mephitic Cloud           Conj/Pois/Air  #.......     28%         3    ###....
 Olgreb's Toxic Radiance  Pois           ###.....     28%         4    #####..
 Venom Bolt               Conj/Pois      ##........   87%         5    ######.


Dungeon Overview and Level Annotations

Branches:
Dungeon (2/15)

Altars:

Annotations:
D:2 Jessica


Innate Abilities, Weirdness & Mutations

You cannot be hasted, slowed, berserked, paralysed or teleported.
You can dig through walls and to a lower floor.
Your four strong arms can wield two-handed weapons with a shield.
You have a pair of large antennae on your head. (SInv)


Message History

* * * LOW HITPOINT WARNING * * *
Jessica casts a spell.
Jessica blinks!
Jessica casts a spell.
Jessica blinks!
You see here a leather armour.
Casting: Poisonous Vapours (safe; 12% risk of failure)
Confirm with . or Enter, or press ? or * to list all spells.
Aiming: Poisonous Vapours (safe; 12% risk of failure)
Press: ? - help, Dir - move target cursor, f/p - Jessica
Aim: Jessica, wearing a robe (fast) Poisonous vapours surround Jessica!
Jessica is engulfed in poison gas.
Jessica is poisoned.
Jessica gestures wildly while chanting.
Jessica blinks!
You see here a leather armour.
Jessica mumbles something strange.
Jessica points at you and mumbles some strange words.
Pain shoots through your body!
You die...

# .....># .........#.### # ..
#..## #).....# # #. #..########
##.....# # #. #.....@...##
#.....# # #.###.#######..###
#@....# ######..#..# ##...#
#.....# .....##...##### ###.##
#.....# ...†......>...#####
#..####.....#
###..###.####.@[@.####....#.....#
# ##.....# #####.§.........#####
# ####..# ############# # #...# #
.....# ## ###.#... ... .##...{
### .. ... ## .)


You could see Jessica.

Vanquished Creatures
  An adder (D:2)
  A dart slug (D:1)
  2 bats (D:2)
  2 giant cockroaches (D:1)
  4 goblins
  3 hobgoblins
  A quokka (D:2)
  A kobold (D:1)
  A rat (D:1)
16 creatures vanquished.

Notes
Turn   | Place    | Note
-------+----------+-------------------------------------------
     0 | D:1      | OdinFK the Formicid Venom Mage began the quest for the Orb.
     0 | D:1      | Reached XP level 1. HP: 13/13 MP: 3/3
   381 | D:1      | Reached XP level 2. HP: 16/19 MP: 5/5
   479 | D:1      | Learned a level 2 spell: Poisonous Vapours
   695 | D:2      | Reached XP level 3. HP: 16/24 MP: 1/7
   866 | D:2      | Noticed Jessica
   916 | D:2      | Killed from afar by Jessica

Action                   || total
-------------------------++-------
Melee: Unarmed           ||    42
       Club              ||     4
 Cast: Sting             ||    12
       Poisonous Vapours ||     9
  Eat: Chunk             ||     1
Armor: Robe              ||     9
Dodge: Dodged            ||    37
